 Dungeon Crawl Stone Soup version 0.30-a0-743-gbfdf073431 (webtiles) character file.

Game seed: 8032095394271620033

719 croobank the Covert (level 7, 0/50 HPs)
             Began as an Octopode Delver on Feb 6, 2023.
             Slain by an ice beast (1 damage)
             ... on level 4 of the Dungeon on Feb 7, 2023.
             The game lasted 00:17:33 (4811 turns).

croobank the Covert (Octopode Delver)               Turns: 4811, Time: 00:17:34

Health: 0/50       AC:  3    Str: 12    XL:     7   Next: 70%
Magic:  7/7        EV: 14    Int: 14    God:
Gold:   253        SH:  0    Dex: 13    Spells: 6/6 levels left

rFire   . . .      SeeInvis .    n - +2 hand axe (flame)
rCold   . . .      Faith    .    (no shield)
rNeg    . . .      Spirit   .    A - +2 hat
rPois   .          Reflect  .    (no amulet)
rElec   .          Harm     .    (no ring)
rCorr   .          Rampage  .    (no ring)
Will    .....                    (no ring)
Stlth   +++++                    (no ring)
HPRegen 0.28/turn                (no ring)
MPRegen 0.10/turn                (no ring)
                                 (no ring)
                                 (no ring)

@: hasted, very quick
A: almost no armour, amphibious, 8 rings, camouflage 1, gelatinous body 1,
(nimble swimmer 1), tentacles
a: no special abilities


You were on level 4 of the Dungeon.
You visited 1 branch of the dungeon, and saw 6 of its levels.

You collected 318 gold pieces.
You spent 65 gold pieces at shops.

Inventory:

Hand Weapons
 e - a +0 sling
 h - a +1 long sword of flaming
 n - a +2 hand axe of flaming (weapon)
 o - a +0 glaive of flaming
 p - a +2 dagger of speed
 r - the +1 spear "Buciar" {holy, rElec Dex+2}
   (You found it on level 3 of the Dungeon)

   Dex:       It affects your dexterity (+2).
   rElec:     It insulates you from electricity.
 z - a +2 dagger of protection
Missiles
 j - 7 poisoned darts (quivered)
 D - 2 throwing nets
Armour
 A - a +2 hat (worn)
Jewellery
 a - a ring of fire
Wands
 f - a wand of digging (3)
 q - a wand of roots (4)
Scrolls
 b - 2 scrolls of fog
 d - 2 scrolls of fear
 l - a scroll of teleportation
 s - a scroll of vulnerability
 t - a scroll of magic mapping
Potions
 c - a potion of might
 g - 2 potions of resistance
 i - 2 potions of berserk rage
 k - 2 potions of cancellation
 m - 3 potions of curing
 v - a potion of heal wounds {unknown}
 w - a potion of mutation {unknown}
 B - a potion of magic {unknown}


   Skills:
 + Level 5.0 Fighting
 + Level 4.5 Axes
 + Level 4.5 Dodging
 + Level 8.8 Stealth


You had 6 spell levels left.
You didn't know any spells.
Your spell library contained the following spells:

 Spells                   Type           Power      Damage    Failure   Level
 Static Discharge         Conj/Air       0%         2-2/arc   41%         2
 Vhi's Electric Charge    Tloc/Air       0%         N/A       65%         3
 Arcjolt                  Conj/Air       0%         1d10      100%        5
 Lightning Bolt           Conj/Air       0%         1d11      100%        5


Dungeon Overview and Level Annotations

Branches:
Dungeon (6/15)
 Temple: D:4-7

Altars:
Cheibriados
Okawaru

Shops:
D:1 =   D:5 *


Innate Abilities, Weirdness & Mutations

You cannot wear most types of armour.
You are amphibious.
You can wear up to eight rings at the same time.
Your skin changes colour to match your surroundings (Stealth+).
Your rubbery body absorbs attacks. (AC +1, EV +1)
((You are camouflaged when in or above water. (Stealth+)))
You have tentacles for arms and can constrict up to eight enemies at once.


Message History

There is a stone staircase leading up here.
There is a stone staircase leading down here.
You climb downwards.
There is a stone staircase leading up, spattered with blood here.
A quokka comes into view.
You catch the helpless quokka completely off-guard!
You hit the quokka. You burn the quokka.
You kill the quokka!
The ice beast hits you. The ice beast freezes you!
You hit the ice beast.
You melt the ice beast.
The ice beast is lightly wounded.
The ice beast hits you but does no damage.
You closely miss the ice beast.
The ice beast is lightly wounded.
The ice beast misses you.
You hit the ice beast but do no damage. You squeeze the ice beast.
The ice beast is moderately wounded.
The ice beast hits you but does no damage.
You hit the ice beast.
You melt the ice beast.
The ice beast is heavily wounded.
The ice beast hits you. The ice beast freezes you!
You closely miss the ice beast.
The ice beast is heavily wounded.
The ice beast barely misses you. The ice beast attacks as you move away!
The ice beast hits you. The ice beast freezes you!
There is a stone staircase leading up, spattered with blood here.
The ice beast barely misses you.
The gnoll hits you from afar with a +0 halberd.
* * * LOW HITPOINT WARNING * * *
You climb upwards.
There is a stone staircase leading down here.
You hit the ice beast.
You melt the ice beast.
The ice beast is severely wounded.
The ice beast hits you.
* * * LOW HITPOINT WARNING * * *
The ice beast freezes you!
* * * LOW HITPOINT WARNING * * *
You feel yourself speed up. The ice beast hits you.
You die...

#############
#.##.....#.##...
#...........#
#.##.###.#.##.##
#.#########.#
#.##.###......# #.# #.#
#(##........#### #.#
#.###....##.#....... #.#
#.....#..###....#### #.#
#####....###...## #.#
#####..........# #.#
#.)@.......#.### ####.#
#######..Y)..###.#.#
.....###........<.....#.#.#
####.....#####......#.[>..##
# #.#####
#......#......##### # #.#
###.##............# # #.#
#.##.#......###.# # #.###
#.##.##....## #.# #
#...#########.##.###.#.# #<#


You could see an ice beast.

Vanquished Creatures
  A phantom (D:4)
  2 scorpions (D:4)
  6 hounds
  A gnoll bouda (D:4)
  2 iguanas
  4 orc wizards
  2 gnolls
  4 adders
  A shadow imp (D:6)
  2 ufetubi
  5 dart slugs
  6 orcs
  2 ball pythons
  4 bats
  13 endoplasms
  3 giant cockroaches
  6 hobgoblins
  4 jackals (D:4)
  4 quokkas
  3 frilled lizards
  13 goblins
  5 kobolds
  7 rats
100 creatures vanquished.

Notes
Turn   | Place    | Note
-------+----------+-------------------------------------------
     0 | D:5      | croobank the Octopode Delver began the quest for the Orb.
     0 | D:5      | Reached XP level 1. HP: 16/16 MP: 1/1
     5 | D:5      | Noticed a scorpion
    51 | D:6      | Reached XP level 2. HP: 10/21 MP: 2/2
   129 | D:5      | Found an iron altar of Okawaru.
   130 | D:5      | Found a snail-covered altar of Cheibriados.
   155 | D:5      | Noticed a scorpion
   349 | D:2      | Reached XP level 3. HP: 26/26 MP: 3/3
   727 | D:2      | Reached skill level 7 in Stealth
  1318 | D:3      | Reached XP level 4. HP: 31/31 MP: 4/4
  1388 | D:3      | Identified the +1 spear "Buciar" {holy, rElec Dex+2}
  1480 | D:3      | Identified the +1 leather armour of Zoucitu {Harm rElec
                  | Regen+ Int-4}
  1878 | D:1      | Found Pelehuku's Jewellery Shoppe.
  2692 | D:4      | Reached XP level 5. HP: 37/37 MP: 5/5
  2799 | D:4      | Reached XP level 6. HP: 11/43 MP: 6/6
  3363 | D:4      | Reached skill level 8 in Stealth
  3619 | D:5      | Reached XP level 7. HP: 27/49 MP: 7/7
  4508 | D:5      | Reached skill level 5 in Fighting
  4553 | D:5      | Found Ciabiy's General Store.
  4564 | D:5      | Bought a scroll of identify for 26 gold pieces
  4564 | D:5      | Bought a potion of curing for 39 gold pieces
  4810 | D:4      | HP: 1/50 [ice beast (10)]
  4811 | D:4      | Slain by an ice beast

Illustrated notes

Levels and vault maps discovered:
D:1:      lightli_arrival_quake, layout_basic, serial_shops, shop, minivault_26
D:2:      kennysheep_big_flooded_room, layout_loops_ring
D:3:      layout_loops_cross
D:4:      layout_loops_ring
D:5:      layout_cave_pools, gammafunk_temple_overflow_pools, serial_shops,
          nicolae_shop_crystal
D:6:      layout_loops_ring, temple_fountains

Skill      XL: |  1  2  3  4  5  6  7 |
---------------+----------------------+-----
Stealth        | 7 8 |  8.8
Axes           | 3 4 |  4.5
Dodging        | 3 4 |  4.5
Fighting       | 4 5 |  5.0

Action                     |  1- 3 |  4- 6 |  7- 9 || total
---------------------------+-------+-------+-------++-------
  Melee: Hand axe          |    46 |   111 |    44 ||   201
         Constrict         |    10 |    27 |     9 ||    46
         Tentacles         |    11 |    16 |    11 ||    38
         Punch             |       |     1 |     1 ||     2
  Throw: Dart              |       |       |     4 ||     4
    Use: Scroll            |     1 |     5 |     6 ||    12
         Potion            |     1 |     5 |     1 ||     7
   Stab: Sleeping          |    15 |    20 |       ||    35
         Distracted        |       |     1 |     1 ||     2
 Armour: Skin              |     3 |    20 |     8 ||    31
  Dodge: Dodged            |    14 |    81 |    22 ||   117

Table legend: (Time is in decaauts)
 A = Elapsed time spent in this place.
 B = Non-inter-level travel time spent in this place.
 C = Inter-level travel time spent in this place.
 D = Time resting spent in this place.
 E = Time spent auto-exploring this place.
 F = Levels seen in this place.
 G = Mean time per level.
                   A        B        C        D        E       F      G
               +--------+--------+--------+--------+--------+-----+--------+
         Total |   4837 |   4591 |    246 |   1429 |   2126 |   6 |  806.2 |
       Dungeon |   4837 |   4591 |    246 |   1429 |   2126 |   6 |  806.2 |
               +--------+--------+--------+--------+--------+-----+--------+

Top non-repeatable levels by time:
     D:4: 1759 daAuts
     D:2: 889 daAuts
     D:1: 749 daAuts
     D:3: 717 daAuts
     D:5: 630 daAuts
     D:6: 91 daAuts
